 Dungeon Sprint DCSS version 0.27-a0-1191-g601b473118 (webtiles) character file.

Game seed: 11613603827772448030

8873 Zeld the Warrior (level 11, -9/116 HPs)
             Began as a Minotaur Berserker on May 24, 2021.
             Was the Champion of Trog.
             Mangled by a 13-headed hydra (10 damage)
             ... in the Dungeon (Sprint I: "Red Sonja").
             The game lasted 00:04:02 (2521 turns).

Zeld the Warrior (Minotaur Berserker)               Turns: 2521, Time: 00:04:03

Health: -9/116     AC: 16    Str: 30    XL:     11   Next: 15%
Magic:  3/3        EV: 12    Int:  2    God:    Trog [******]
Gold:   415        SH:  0    Dex:  8    Spells: 10/10 levels left

rFire    + . .     SeeInvis .   m - +4 battleaxe (antimagic)
rCold    . . .     Faith    .   (shield currently unavailable)
rNeg     . . .     Spirit   .   n - +0 plate armour of the Glimmering Xenops {rF+ Will- Str+5}
rPois    .         Reflect  .   (helmet unavailable)
rElec    .         Harm     .   l - +0 cloak
rCorr    .         Rampage  .   o - +1 pair of gloves
Will     .....     Rnd*Rage +   (no boots) Stlth ..........NoTele +
                                (no amulet)
HPRegen  0.29/turn              (no ring)
MPRegen  0.08/turn              (no ring)

@: unable to read, on berserk cooldown, slowed, very slow
A: horns 3, retaliatory headbutt, berserk 2, clumsy 1, deformed body,
deterioration 1, dopey 1, subdued magic 1, inability to read while threatened
a: Renounce Religion, Berserk, Trog's Hand, Brothers in Arms


You were in the Dungeon.
You worshipped Trog.
Trog was exalted by your worship.
You visited 1 branch You collected 982 gold pieces.
You spent 567 gold pieces at shops.

Inventory:

Hand Weapons
 a - a +0 hand axe
 m - a +4 antimagic battleaxe (weapon)
Armour
 l - a +0 cloak (worn)
 n - the +0 plate armour of the Glimmering Xenops (worn) {rF+ Will- Str+5}
   (You bought it in a shop in the Dungeon)

   It affects your strength (+5).
   It protects you from fire.
   It decreases your willpower.
 o - a +1 pair of gloves (worn)
Wands
 i - a wand of polymorph (7)
Scrolls
 h - a scroll of blinking
 j - a scroll of identify {unknown}
 k - a scroll of amnesia {unknown}
Potions
 b - a potion of might {unknown}
 c - 3 potions of curing
 d - 2 potions of heal wounds
 e - a potion of haste
 f - 2 potions of magic
 g - 2 potions of berserk rage


   Skills:
 * Level 16.6 Fighting
 - Level 14.0 Axes
 * Level 16.4 Armour
 * Level 15.3 Dodging


You had 10 spell levels left.
You didn't know any spells.
Your spell library was empty.

Dungeon Overview and Level Annotations

Branches:
Dungeon (1/1)

Altars:
Cheibriados
Dithmenos
Elyvilon
Fedhas
Gozag
Hepliaklqana
Kikubaaqudgha
Makhleb
Nemelex Xobeh
Okawaru
Qazlal
Ru
Sif Muna
Trog
Uskayaw
Vehumet
Wu Jian
Xom
Yredelemnul
Zin
The Shining One
Jiyva
Lugonu

Shops:
D :[(===[


Innate Abilities, Weirdness & Mutations

You have a pair of large horns on your head.
You reflexively headbutt those who attack you in melee.
You often lose your temper in combat.
You are clumsy. (Dex -2)
Armour fits poorly on your strangely shaped body.
Your body sometimes deteriorates upon taking damage.
You are dopey. (Int -2)
Your spells are a little easier to cast, but a little less powerful.
You sometimes lose the ability to read scrolls when taking damage.


Message History

The 13-headed hydra bites you but does no damage.
The 13-headed hydra closely misses you. The 13-headed hydra bites you!
You feel threatened and lose the ability to read scrolls!
The 13-headed hydra misses you. The 13-headed hydra closely misses you.
The 13-headed hydra bites you!
The 13-headed hydra bites you but does no damage.
The 13-headed hydra bites you! The 13-headed hydra bites you.
The 13-headed hydra completely misses you.
The 13-headed hydra bites you but does no damage.
The 13-headed hydra bites you.
There is an open door here.
Okay, then.
You feel much better.
You can read scrolls again.
The hog bites you but does no damage.
The 13-headed hydra bites you but does no damage.
The 13-headed hydra bites you!
You feel threatened and lose the ability to read scrolls!
The 13-headed hydra bites you but does no damage.
The 13-headed hydra barely misses you.
The 13-headed hydra bites you but does no damage.
The 13-headed hydra bites you! The 13-headed hydra bites you.
The 13-headed hydra misses you. The 13-headed hydra closely misses you.
The 13-headed hydra bites you!
The 13-headed hydra completely misses you.
The 13-headed hydra bites you but does no damage.
The 13-headed hydra misses you. The hog bites you but does no damage.
The 13-headed hydra misses you. The 13-headed hydra bites you.
* * * LOW HITPOINT WARNING * * *
The 13-headed hydra bites you!
* * * LOW HITPOINT WARNING * * *
The 13-headed hydra bites you but does no damage.
The 13-headed hydra bites you!
* * * LOW HITPOINT WARNING * * *
The 13-headed hydra bites you!
* * * LOW HITPOINT WARNING * * *
The 13-headed hydra bites you.
* * * LOW HITPOINT WARNING * * *
The 13-headed hydra bites you!
You die...

############################
#..'..#__#..')..#§.#§h§§hh§§
').#..'..'..#)..##'#§####§§§
#####'#__####...@Dh#§# §..#
#...#.#### #####h§§.# #+#
#..##.# #+#### ##'#_.+ #..○
.'..._# #.^☼° ##_.#'##+###
###°9. ###(#.#(..(### ...#
###.####'###.## .^##
.'...'.....')∩# ^^#


You could see a 13-headed hydra and 2 hogs.

Vanquished Creatures
  Sonja (D)
  A deep troll (D)
  A lindwurm (D)
  8 shining eyes (D)
  A gargoyle (D)
  2 kobold demonologists (D)
  4 demonic crawlers (D)
  A slime creature (D)
  Sigmund (D)
  10 hogs (D)
  A yak (D)
  5 floating eyes (D)
  An ogre (D)
  A jelly (D)
  Ijyb (D)
39 creatures vanquished.

Vanquished Creatures (others)
  A deep elf master archer (D)
  A merfolk siren (D)
  4 hornets (D)
  A floating eye (D)
  2 ballistomycete spores (D)
9 creatures vanquished.

Grand Total: 48 creatures vanquished

Notes
Turn   | Place    | Note
-------+----------+-------------------------------------------
     0 | D        | Zeld the Minotaur Berserker began the quest for the Orb.
     0 | D        | Reached XP level 1. HP: 19/19 MP: 0/0
     2 | D        | Noticed Ijyb
    12 | D        | Killed Ijyb
    13 | D        | Reached XP level 2. HP: 26/26 MP: 1/1
   148 | D        | Noticed an ogre
   154 | D        | Killed an ogre
   155 | D        | Reached XP level 3. HP: 31/31 MP: 2/2
   155 | D        | Reached XP level 4. HP: 39/39 MP: 3/3
   230 | D        | Noticed Sigmund
   235 | D        | Killed Sigmund
   235 | D        | Reached ** piety under Trog
   236 | D        | Reached XP level 5. HP: 47/47 MP: 4/4
   236 | D        | Reached XP level 6. HP: 53/53 MP: 5/5
   413 | D        | Found a burning altar of Makhleb.
   413 | D        | Found a viscous altar of Jiyva.
   413 | D        | Found a shimmering altar of Xom.
   413 | D        | Found a corrupted altar of Lugonu.
   413 | D        | Noticed a slime creature
   419 | D        | Killed a slime creature
   420 | D        | Reached skill level 5 in Dodging
   506 | D        | Found an ornate altar of the Wu Jian Council.
   506 | D        | Found a shimmering blue altar of Sif Muna.
   508 | D        | Found a radiant altar of Vehumet.
   732 | D        | Found Tosuecon's Jewellery Emporium.
   732 | D        | Found an ancient bone altar of Kikubaaqudgha.
   732 | D        | Found a hazy altar of Hepliaklqana.
   732 | D        | Found a hide-covered altar of Uskayaw.
   732 | D        | Found a basalt altar of Yredelemnul.
   732 | D        | Found an opulent altar of Gozag.
   732 | D        | Found a snail-covered altar of Cheibriados.
   732 | D        | Found a sacrificial altar of Ru.
   732 | D        | Found a shadowy altar of Dithmenos.
   732 | D        | Noticed a yak
   736 | D        | Killed a yak
   736 | D        | Reached *** piety under Trog
   737 | D        | Reached XP level 7. HP: 67/67 MP: 6/6
   741 | D        | Found a stormy altar of Qazlal.
   741 | D        | Found a blossoming altar of Fedhas.
   741 | D        | Found a bloodstained altar of Trog.
   741 | D        | Found an iron altar of Okawaru.
   741 | D        | Found a glowing golden altar of the Shining One.
   741 | D        | Found a glowing silver altar of Zin.
   741 | D        | Found a white marble altar of Elyvilon.
   761 | D        | Found a sparkling altar of Nemelex Xobeh.
   843 | D        | Noticed a kobold demonologist
   843 | D        | Noticed a kobold demonologist
   844 | D        | Paralysed by a floating eye for 3 turns
   854 | D        | Killed a kobold demonologist
   857 | D        | Killed a kobold demonologist
   857 | D        | Reached **** piety under Trog
   858 | D        | Reached skill level 10 in Fighting
   858 | D        | Reached XP level 8. HP: 79/79 MP: 7/7
   944 | D        | Killed a hornet
   949 | D        | Killed a hornet
  1067 | D        | Noticed Sonja
  1076 | D        | Killed Sonja
  1077 | D        | Reached skill level 10 in Dodging
  1169 | D        | Killed a hornet
  1315 | D        | Killed a hornet
  1464 | D        | Found Wufavov's Book Boutique.
  1481 | D        | Killed a merfolk siren
  1484 | D        | Noticed a deep troll
  1491 | D        | Killed a deep troll
  1492 | D        | Reached XP level 9. HP: 90/90 MP: 8/8
  1625 | D        | Found Niare's Armour Emporium.
  1629 | D        | Bought a +0 cloak for 63 gold pieces
  1660 | D        | Noticed a shining eye
  1660 | D        | Noticed a shining eye
  1660 | D        | Noticed a shining eye
  1661 | D        | Gained mutation: You are clumsy. (Dex -2) [a shining eye]
  1661 | D        | Gained mutation: You have a pair of large horns on your
                  | head. [a shining eye]
  1664 | D        | Paralysed by a floating eye for 3 turns
  1671 | D        | Paralysed by a floating eye for 3 turns
  1677 | D        | Reached ***** piety under Trog
  1677 | D        | Gained mutation: You sometimes lose the ability to read
                  | scrolls when taking damage. [a shining eye]
  1681 | D        | Killed a shining eye
  1685 | D        | Killed a shining eye
  1686 | D        | Gained mutation: You are dopey. (Int -2) [a shining eye]
  1690 | D        | Killed a shining eye
  1888 | D        | Noticed a shining eye
  1888 | D        | Noticed a shining eye
  1888 | D        | Noticed a shining eye
  1888 | D        | Gained mutation: Your spells are a little easier to cast,
                  | but a little less powerful. [a shining eye]
  1889 | D        | Noticed a shining eye
  1889 | D        | Noticed a shining eye
  1890 | D        | Gained mutation: You tend to lose your temper in combat. [a
                  | shining eye]
  1891 | D        | Gained mutation: Your body sometimes deteriorates upon
                  | taking damage. [a shining eye]
  1891 | D        | Gained mutation: You often lose your temper in combat. [a
                  | shining eye]
  1891 | D        | Gained mutation: Armour fits poorly on your strangely
                  | shaped body. [a shining eye]
  1895 | D        | Killed a shining eye
  1896 | D        | Reached XP level 10. HP: 103/103 MP: 9/9
  1897 | D        | Killed a shining eye
  1900 | D        | Killed a shining eye
  1903 | D        | Killed a shining eye
  1903 | D        | Received a gift from Trog
  1906 | D        | Killed a shining eye
  1907 | D        | Reached skill level 15 in Fighting
  1907 | D        | Reached skill level 15 in Armour
  1921 | D        | Paralysed by a floating eye for 3 turns
  1958 | D        | Found Hoegek's Jewellery Shop.
  1958 | D        | Found Beazxoff's Antique Armour Shoppe.
  1958 | D        | Found Voggiyz's Jewellery Boutique.
  1958 | D        | Found Vicicige's Weapon Emporium.
  1988 | D        | Bought a turquoise-encrusted plate armour for 504 gold
                  | pieces
  1988 | D        | Identified the +0 plate armour of the Glimmering Xenops
                  | {rF+ Will- Str+5} (You bought it in a shop in the Dungeon)
  2106 | D        | Reached ****** piety under Trog
  2255 | D        | Noticed a gargoyle
  2265 | D        | Killed a gargoyle
  2412 | D        | Noticed a lindwurm
  2416 | D        | Killed a lindwurm
  2416 | D        | Received a gift from Trog
  2494 | D        | Reached XP level 11. HP: 114/114 MP: 3/10
  2499 | D        | Reached skill level 15 in Dodging
  2503 | D        | Noticed a 12-headed hydra
  2504 | D        | Received a gift from Trog
  2507 | D        | Killed a deep elf master archer
  2521 | D        | HP: 5/116 [13-headed hydra (11)]
  2521 | D        | HP: 1/116 [13-headed hydra (4)]
  2521 | D        | Mangled by a 13-headed hydra

Illustrated notes

Levels and vault maps discovered:
D:        dungeon_sprint_1 [red_sonja_temple_1, red_sonja_temple_small_1]

Skill      XL: |  1  2  3  4  5  6  7  8  9 10 11 |
---------------+----------------------------------+-----
Axes           | 7 11 14 | 14.0
Fighting       | 4 7 10 12 14 16 | 16.6
Armour         | 3 7 9 12 13 16 | 16.4
Dodging        | 3 6 9 11 12 14 15 | 15.3

Action                   |  1- 3 |  4- 6 |  7- 9 | 10-12 || total
-------------------------+-------+-------+-------+-------++-------
Melee: Hand axe          |     9 |    12 |    45 |    13 ||    79
       Unarmed           |     4 |       |       |       ||     4
       Headbutt          |     1 |     4 |    15 |    19 ||    39
       Battleaxe         |       |       |       |    42 ||    42
Invok: Berserk           |     2 |     4 |     5 |     4 ||    15
  Use: Potion            |       |       |       |     1 ||     1
Armor: Skin              |     1 |       |       |       ||     1
       Leather armour    |       |     1 |     4 |       ||     5
       Plate armour      |       |       |       |    32 ||    32
Dodge: Dodged            |     2 |     4 |    12 |    39 ||    57

Table legend: (Time is in decaauts)
 A = Elapsed time spent in this place.
 B = Non-inter-level travel time spent in this place.
 C = Inter-level travel time spent in this place.
 D = Time resting spent in this place.
 E = Time spent auto-exploring this place.
 F = Levels seen in this place.
 G = Mean time per level.
                   A        B        C        D        E       F      G
               +--------+--------+--------+--------+--------+-----+--------+
         Total |   2635 |   2604 |     31 |   2120 |      0 |   1 | 2635.0 |
       Dungeon |   2635 |   2604 |     31 |   2120 |      0 |   1 | 2635.0 |
               +--------+--------+--------+--------+--------+-----+--------+

Top non-repeatable levels by time:
       D: 2635 daAuts
